 Dungeon Crawl Stone Soup version 0.27.0 (webtiles) character file.

Game seed: 16174346548514589254

917 ZombieSheep the Skirmisher (level 7, -1/88 HPs)
             Began as a Demonspawn Monk on July 31, 2021.
             Was a Believer of Qazlal.
             Slain by an orc (2 damage)
             ... on level 5 of the Dungeon.
             The game lasted 00:10:27 (6064 turns).

ZombieSheep the Skirmisher (Demonspawn Monk)        Turns: 6064, Time: 00:10:28

Health: -1/88      AC: 23    Str: 13    XL:     7   Next: 83%
Magic:  7/7        EV:  2    Int: 12    God:    Qazlal [**....]
Gold:   127        SH:  6    Dex: 15    Spells: 6/6 levels left

rFire    . . .     SeeInvis .   a - +0 morningstar
rCold    + . .     Faith    .   c - +0 buckler
rNeg     + + +     Spirit   .   (armour currently unavailable)
rPois    +         Reflect  .   (helmet currently unavailable)
rElec    .         Harm     .   (cloak currently unavailable)
rCorr    .         Rampage  .   (gloves currently unavailable)
Will     .....     NoTele   +   (boots currently unavailable)
Stlth    ++........             (no amulet)
HPRegen  0.24/turn              p - ring of protection from cold
MPRegen  0.10/turn              (no ring)

@: tree-form
A: stationary, stasis, torment immunity, boosted hp, (hooves 1), powered by
death 1, (spiny 1), (sturdy frame 1)
a: Renounce Religion, Upheaval


You were on level 5 of the Dungeon.
You worshipped Qazlal.
Qazlal was pleased with you.
You were a tree.
You visited 2 branches of the dungeon, and saw 6 of its levels.

You collected 251 gold pieces.
You spent 124 gold pieces at shops.

Inventory:

Hand Weapons
 a - a +0 morningstar (weapon)
 b - a +1 dagger of venom
 m - a +0 flail
 q - a +0 mace
Armour
 c - a +0 buckler (worn)
 e - a +0 pair of gloves (melded)
 f - a +1 helmet (melded)
 g - a +0 cloak (melded)
 r - a +0 scale mail (melded)
 s - a +0 chain mail
Jewellery
 p - a ring of protection from cold (left branch)
Wands
 i - a wand of flame (11)
 l - a wand of iceblast (4)
Scrolls
 j - a scroll of fog
 k - 3 scrolls of acquirement {unknown}
 n - 4 scrolls of identify
 o - a scroll of enchant armour
Potions
 t - a potion of cancellation {unknown}
 u - a potion of invisibility {unknown}


   Skills:
 * Level 6.4 Fighting
 + Level 4.5 Maces & Flails
 + Level 3.4 Armour
 + Level 4.4 Dodging
 - Level 1.7 Stealth


You had 6 spell levels left.
You didn't know any spells.
Your spell library was empty.

Dungeon Overview and Level Annotations

Branches:
Dungeon (5/15)             Temple (1/1) D:4

Altars:
Elyvilon
Fedhas
Makhleb
Qazlal
Ru
Xom

Shops:
D:3 !*!

Annotations:
D:5 1 transporter


Innate Abilities, Weirdness & Mutations

You are a tree.
Your roots penetrate the ground, keeping you stationary.
You cannot be teleported.
You are immune to unholy pain and torment.
Your maximum health is greatly increased.
Your equipment is partially melded.
((You have large cloven feet.))
You regenerate a little health from kills.
((You are partially covered in sharp spines.))
((Your movements are slightly less encumbered by armour. (ER -2)))


Message History

The orc hits you but does no damage.
You barely miss the orc wizard.
The orc wizard is lightly wounded.
The orc hits you but does no damage.
The orc wizard gestures at you while chanting.
The magic dart hits you but does no damage.
The orc hits you with a +0 club.
* * * LOW HITPOINT WARNING * * *
The orc hits you but does no damage.
The orc wizard hits you but does no damage.
The orc completely misses you.
You puncture the orc wizard!
The orc wizard is almost dead.
The orc hits you with a +0 hand axe.
* * * LOW HITPOINT WARNING * * *
The orc wizard hits you but does no damage.
The orc hits you with a +0 club.
* * * LOW HITPOINT WARNING * * *
You puncture the orc wizard!
You kill the orc wizard!
Qazlal accepts your kill. The orc barely misses you.
The orc hits you but does no damage.
You barely miss the orc.
The orc is heavily wounded.
The orc hits you with a +0 hand axe.
* * * LOW HITPOINT WARNING * * *
You block the orc's attack. The orc hits you but does no damage.
You block the orc's attack.
You closely miss the orc.
The orc is heavily wounded.
The orc hits you with a +0 hand axe.
* * * LOW HITPOINT WARNING * * *
You block the orc's attack.
Unknown command.
You closely miss the orc.
The orc is heavily wounded.
The orc hits you with a +0 hand axe.
* * * LOW HITPOINT WARNING * * *
The orc hits you with a +0 club.
You die...

.... #..#..........
#..
...##.##..........
#..
##..#..##........##
....
#..##..##......###
.....#...#..........#
.....#.....##.......#
#...........#..#...##
#....○o#.......##
##...o♣#......##
#.....)##......#
#...... ......##
....... #.##..#
..#...# #.. ..# .
#.>. .. ## ...# #.#.


You could see 2 orcs.

Vanquished Creatures
  Eustachio (D:5)
  A water moccasin (D:5)
  An ogre (D:5)
  A phantom (D:5)
  A scorpion (D:4)
  A jelly (D:5)
  A gnoll shaman (D:5)
  2 bullfrog skeletons (D:5)
  2 orc priests
  2 orc wizards
  6 adders
  4 gnolls (D:5)
  3 worms
  2 dart slugs
  14 orcs
  4 ball pythons
  12 endoplasms
  3 giant cockroaches
  4 hobgoblins
  15 jackals
  4 kobolds
  3 quokkas
  9 bats
  2 frilled lizards
  8 goblins
  13 rats
119 creatures vanquished.

Vanquished Creatures (others)
  A fungus (D:2)
  A plant (D:2)
2 creatures vanquished.

Grand Total: 121 creatures vanquished

Notes
Turn   | Place    | Note
-------+----------+-------------------------------------------
     0 | D:1      | ZombieSheep the Demonspawn Monk began the quest for the
                  | Orb.
     0 | D:1      | Reached XP level 1. HP: 18/18 MP: 1/1
   241 | D:1      | Gained mutation: Your movements are slightly less
                  | encumbered by armour. (ER -2) [demonic ancestry]
   241 | D:1      | Reached XP level 2. HP: 24/24 MP: 2/2
   839 | D:1      | Reached XP level 3. HP: 26/29 MP: 3/3
   863 | D:1      | Reached skill level 1 in Armour
  2592 | D:2      | Reached skill level 4 in Fighting
  2592 | D:2      | Reached XP level 4. HP: 10/37 MP: 4/4
  3286 | D:2      | Found a faded altar of an unknown god.
  3756 | D:3      | Gained mutation: You regenerate a little health from kills.
                  | [demonic ancestry]
  3756 | D:3      | Reached XP level 5. HP: 43/43 MP: 5/5
  3994 | D:3      | Found Helyruli's General Store.
  4002 | D:3      | Bought 3 scrolls of identify for 66 gold pieces
  4002 | D:3      | Bought a scroll of identify for 22 gold pieces
  4149 | D:3      | Found a burning altar of Makhleb.
  4168 | D:3      | Found Reewn's Distillery.
  4408 | D:3      | Found Ypnadin's Distillery.
  4416 | D:3      | Bought a potion of curing for 36 gold pieces
  5074 | D:4      | Found a staircase to the Ecumenical Temple.
  5081 | D:4      | Gained mutation: You are partially covered in sharp spines.
                  | [demonic ancestry]
  5081 | D:4      | Reached XP level 6. HP: 47/50 MP: 6/6
  5193 | Temple   | Entered the Ecumenical Temple
  5217 | Temple   | Became a worshipper of Qazlal Stormbringer
  5217 | Temple   | Reached * piety under Qazlal
  5217 | Temple   | Reached ** piety under Qazlal
  5510 | D:5      | Entered Level 5 of the Dungeon
  5528 | D:5      | Reached skill level 5 in Fighting
  5563 | D:5      | Noticed Eustachio
  5568 | D:5      | Found a transporter.
  5581 | D:5      | Killed Eustachio
  5710 | D:5      | Noticed a water moccasin
  5719 | D:5      | Killed a water moccasin
  5720 | D:5      | Gained mutation: You have large cloven feet. [demonic
                  | ancestry]
  5720 | D:5      | Reached XP level 7. HP: 27/57 MP: 7/7
  5919 | D:5      | Reached skill level 6 in Fighting
  6064 | D:5      | HP: 1/88 [orc (4)]
  6064 | D:5      | Slain by an orc

Illustrated notes

Levels and vault maps discovered:
D:1:      psy_arrival_conway, layout_loops_corners, roderic_lattice_a,
          minmay_rat_gold_closets
D:2:      layout_basic, shapermc_ecumenical_altar_acropolis
D:3:      layout_rooms, mainiacjoe_overflow_six_doors_small, serial_shops, shop,
          nicolae_square_shop, shop, minmay_fractal_squares_diagonal_5
D:4:      layout_loops_ring, minmay_temple_entry_butterflies,
          minmay_misc_feat_encased
D:5:      gammafunk_cloud_chamber, layout_cave_pools, uniq_eustachio
Temple:   bh_familiar_temple

Skill      XL: |  1  2  3  4  5  6  7 |
---------------+----------------------+-----
Dodging        | 3 4 |  4.4
Armour         | 1 2 3 |  3.4
Maces & Flails | 3 4 |  4.5
Fighting       | 4 5 6 |  6.4
Stealth        | |  1.7

Action                   |  1- 3 |  4- 6 |  7- 9 || total
-------------------------+-------+-------+-------++-------
Melee: Mace              |   199 |   175 |       ||   374
       Morningstar       |       |    50 |    49 ||    99
       Kick              |       |       |    14 ||    14
  Use: Scroll            |     3 |     3 |       ||     6
       Potion            |       |       |     3 ||     3
 Stab: Sleeping          |     5 |     2 |       ||     7
Armor: Ring mail         |    89 |   101 |       ||   190
       Scale mail        |       |    47 |    34 ||    81
       Skin              |       |       |     9 ||     9
Dodge: Dodged            |   141 |   209 |    61 ||   411
Block: Buckler           |       |    34 |    35 ||    69
